 Dungeon Sprint DCSS version 0.30-a0-210-g01b79a254e (webtiles) character file.

Game seed: 11954427576874386714

1719 rocky1 the Bludgeoner (level 9, -10/88 HPs)
             Began as an Ogre Fighter on Oct 5, 2022.
             Was an Initiate of Gozag.
             Killed from afar by a lindwurm (40 damage)
             ... with a blast of flame
             ... in the Dungeon (Sprint VII: "The Pits").
             The game lasted 00:04:07 (1527 turns).

rocky1 the Bludgeoner (Ogre Fighter)                Turns: 1527, Time: 00:04:08

Health: -10/88     AC:  4    Str: 26    XL:     9   Next: 4%
Magic:  9/9        EV: 10    Int:  9    God:    Gozag
Gold:   2331       SH:  0    Dex:  8    Spells: 8/8 levels left

rFire   . . .      SeeInvis .    o - +0 giant club
rCold   . . .      Faith    .    (shield currently unavailable)
rNeg    . . .      Spirit   .    b - +0 robe
rPois   .          Reflect  .    (helmet restricted)
rElec   .          Harm     .    r - +0 cloak
rCorr   .          Rampage  .    (gloves unavailable)
Will    .....      NoTele   +    (boots unavailable)
Stlth   +.........               (no amulet)
HPRegen 0.34/turn                (no ring)
MPRegen 0.11/turn                (no ring)

@: gold aura
A: large, unfitting armour, tough skin 1
a: Renounce Religion, Potion Petition, Call Merchant, Bribe Branch


You were in the Dungeon.
You worshipped Gozag.
Gozag was most pleased with you.
You visited 1 branch You collected 2331 gold pieces.

Inventory:

Hand Weapons
 n - a +0 vorpal flail
 o - a +0 giant club (weapon)
 p - a +1 broad axe of freezing
 q - a +2 vorpal dire flail
Armour
 b - a +0 robe (worn)
 r - a +0 cloak (worn)
Jewellery
 a - a +3 ring of evasion
 c - a +3 ring of dexterity
Scrolls
 l - 5 scrolls of amnesia
 m - a scroll of summoning
Potions
 d - a potion of might
 e - 6 potions of curing
 f - 9 potions of heal wounds
 g - 3 potions of haste
 h - 4 potions of magic
 i - a potion of berserk rage
 j - 3 potions of mutation
 k - a potion of invisibility


   Skills:
 + Level 5.0 Fighting
 * Level 17.3 Maces & Flails
 + Level 3.4 Dodging
 - Level 3.7 Shields


You had 8 spell levels left.
You didn't know any spells.
Your spell library was empty.

Dungeon Overview and Level Annotations

Branches:
Dungeon (1/1)

Altars:
Ashenzari
Cheibriados
Dithmenos
Elyvilon
Fedhas
Gozag
Hepliaklqana
Kikubaaqudgha
Makhleb
Nemelex Xobeh
Okawaru
Qazlal
Ru
Sif Muna
Trog
Uskayaw
Vehumet
Wu Jian
Xom
Yredelemnul
Zin
The Shining One
Jiyva
Lugonu


Innate Abilities, Weirdness & Mutations

You are too large for most types of armour.
You have tough skin. (AC +1)


Message History

A lindwurm, a bat zombie and a crimson imp come into view.
The crimson imp shouts!
The bat zombie hits you but does no damage. x2
You hit the bat zombie.
The bat zombie is moderately damaged.
The bat zombie closely misses you. The bat zombie barely misses you.
You closely miss the bat zombie.
The bat zombie is moderately damaged.
The bat zombie hits you but does no damage. x2
You closely miss the bat zombie.
The bat zombie is moderately damaged.
The bat zombie closely misses you. The bat zombie barely misses you.
You bludgeon the bat zombie!!
You destroy the bat zombie!
The lindwurm is distracted by your dazzling golden aura.
The crimson imp blinks!
Unknown command.
You see here 54 gold pieces.
You barely miss the lindwurm.
The lindwurm is no longer distracted by gold.
The lindwurm bites you! The lindwurm claws you. x2
You sock the lindwurm!
The lindwurm is lightly wounded.
The crimson imp puffs mist at you. The crimson imp hits you.
The lindwurm breathes flames at you. The blast of flame hits you!!
You barely miss the lindwurm.
The lindwurm is lightly wounded.
You thump the lindwurm!
The lindwurm is heavily wounded.
The lindwurm bites you. The lindwurm barely misses you. The lindwurm claws you.
The crimson imp barely misses you.
You barely miss the lindwurm.
The lindwurm is heavily wounded.
The crimson imp hits you. The lindwurm breathes flames at you.
The blast of flame hits you!!!
You die...
Your body crumbles into a pile of gold.

..'.##................#
..#.#####'#####''######
###.##.......##''#
..#.##.......##..#
..).##.......##..#
######...<...##..# #
)))[##.......##..# .###
).)[##.......##.$#....##
######.......##.@'.....#
.#.. ##########.5k.....+
.#.############..'.....#
.#)#....#..[.##..#....##
.#'#....#..[[##..#..###
.#.'.[..'..).##..####
)#'#....#..))##..#
.'.#....#..).##..#
##############


You could see a lindwurm (catching breath) and a crimson imp.

Vanquished Creatures
  A manticore (D)
  A smoke demon (D)
  A flying skull (D)
  3 yaks (D)
  A warg (D)
  A floating eye (D)
  2 ogres (D)
  A wolf (D)
  An iron imp (D)
  A river rat (D)
  A white imp (D)
  An orc (D)
  A bat zombie (D)
  3 endoplasms (D)
  A goblin (D)
  2 hobgoblins (D)
  3 jackals (D)
  2 bats (D)
  A kobold (D)
  A rat (D)
29 creatures vanquished.

Vanquished Creatures (others)
  A yak (D)
1 creature vanquished.

Grand Total: 30 creatures vanquished

Notes
Turn   | Place    | Note
-------+----------+-------------------------------------------
     0 | D        | rocky1 the Ogre Fighter began the quest for the Orb.
     0 | D        | Reached XP level 1. HP: 24/24 MP: 1/1
    15 | D        | Reached skill level 2 in Maces & Flails
    19 | D        | Found a bloodstained altar of Trog.
    19 | D        | Found a shimmering blue altar of Sif Muna.
    19 | D        | Found a viscous altar of Jiyva.
    19 | D        | Found a hazy altar of Hepliaklqana.
    19 | D        | Found an opulent altar of Gozag.
    20 | D        | Found a glowing golden altar of the Shining One.
    20 | D        | Found a glowing silver altar of Zin.
    20 | D        | Found a basalt altar of Yredelemnul.
    20 | D        | Found a shimmering altar of Xom.
    20 | D        | Found an ornate altar of the Wu Jian Council.
    20 | D        | Found a sacrificial altar of Ru.
    20 | D        | Found a stormy altar of Qazlal.
    20 | D        | Found an iron altar of Okawaru.
    20 | D        | Found a sparkling altar of Nemelex Xobeh.
    20 | D        | Found a burning altar of Makhleb.
    20 | D        | Found a blossoming altar of Fedhas.
    20 | D        | Found a white marble altar of Elyvilon.
    20 | D        | Found a shadowy altar of Dithmenos.
    20 | D        | Found a snail-covered altar of Cheibriados.
    24 | D        | Found a corrupted altar of Lugonu.
    24 | D        | Found a radiant altar of Vehumet.
    25 | D        | Found a broken altar of Ashenzari.
    25 | D        | Found an ancient bone altar of Kikubaaqudgha.
    25 | D        | Found a hide-covered altar of Uskayaw.
    27 | D        | Became a worshipper of Gozag Ym Sagoz the Greedy
    68 | D        | Reached skill level 3 in Maces & Flails
    68 | D        | Reached XP level 2. HP: 33/33 MP: 2/2
   289 | D        | Noticed a floating eye
   299 | D        | Reached skill level 5 in Fighting
   299 | D        | Paralysed by a floating eye for 2 turns
   302 | D        | Paralysed by a floating eye for 2 turns
   305 | D        | Paralysed by a floating eye for 4 turns
   310 | D        | Killed a floating eye
   311 | D        | Reached skill level 8 in Maces & Flails
   311 | D        | Reached XP level 3. HP: 41/42 MP: 3/3
   311 | D        | Reached XP level 4. HP: 48/50 MP: 4/4
   311 | D        | Reached XP level 5. HP: 55/57 MP: 5/5
   382 | D        | Noticed a wolf
   382 | D        | Noticed a warg
   385 | D        | Noticed an ogre
   404 | D        | Killed a warg
   405 | D        | Reached skill level 10 in Maces & Flails
   405 | D        | Reached XP level 6. HP: 26/66 MP: 6/6
   554 | D        | Reached skill level 11 in Maces & Flails
   558 | D        | Reached skill level 12 in Maces & Flails
   573 | D        | Reached XP level 7. HP: 27/72 MP: 7/7
   736 | D        | Noticed a smoke demon
   743 | D        | Killed a smoke demon
   744 | D        | Reached skill level 14 in Maces & Flails
   955 | D        | Noticed a flying skull
   959 | D        | Killed a flying skull
   960 | D        | Reached skill level 15 in Maces & Flails
   960 | D        | Reached XP level 8. HP: 79/80 MP: 8/8
   971 | D        | Noticed a yak
   971 | D        | Noticed a yak
   971 | D        | Noticed a yak
   971 | D        | Noticed a yak
   971 | D        | Noticed a manticore
   976 | D        | Killed a yak
   982 | D        | Killed a yak
   994 | D        | Killed a yak
   995 | D        | Reached skill level 16 in Maces & Flails
  1220 | D        | Killed a yak
  1224 | D        | Killed a manticore
  1225 | D        | Reached skill level 17 in Maces & Flails
  1225 | D        | Reached XP level 9. HP: 31/88 MP: 9/9
  1514 | D        | Noticed a lindwurm
  1527 | D        | Killed from afar by a lindwurm

Illustrated notes

Levels and vault maps discovered:
D:        pitsprint [storerooms_1, entrance_room_1, metal_vault_1, armoury_2,
          mini_pit_1, grid_room_1, main_hall_1, silver_pit, the_coven_1,
          the_vestibule_1, steel_vault_5, golden_pit, hallway_of_sentries,
          crystal_vault_5, iron_vault_1, final_vault]

Skill      XL: |  1  2  3  4  5  6  7  8 |
---------------+-------------------------+-----
Maces & Flails | 3 8 10 12 15 17 | 17.3
Dodging        | 3 |  3.4
Fighting       | 5 |  5.0
Shields        | |  3.7

Action                   |  1- 3 |  4- 6 |  7- 9 || total
-------------------------+-------+-------+-------++-------
Melee: Flail             |    22 |    55 |    40 ||   117
       Giant club        |       |       |     9 ||     9
  Use: Potion            |       |     2 |     6 ||     8
       Scroll            |       |     1 |       ||     1
 Stab: Invisible         |       |       |     2 ||     2
       Distracted        |       |       |     1 ||     1
Armor: Robe              |     5 |    12 |     9 ||    26
Dodge: Dodged            |     8 |    15 |    23 ||    46
Block: Kite shield       |     4 |    28 |    13 ||    45

Table legend: (Time is in decaauts)
 A = Elapsed time spent in this place.
 B = Non-inter-level travel time spent in this place.
 C = Inter-level travel time spent in this place.
 D = Time resting spent in this place.
 E = Time spent auto-exploring this place.
 F = Levels seen in this place.
 G = Mean time per level.
                   A        B        C        D        E       F      G
               +--------+--------+--------+--------+--------+-----+--------+
         Total |   1547 |   1472 |     75 |   1033 |      0 |   1 | 1547.0 |
       Dungeon |   1547 |   1472 |     75 |   1033 |      0 |   1 | 1547.0 |
               +--------+--------+--------+--------+--------+-----+--------+

Top non-repeatable levels by time:
       D: 1547 daAuts
